 Dungeon Crawl Stone Soup version 0.28-a0-503-g83f2989fac (webtiles) character file.

Game seed: 9954092258289662874

36 siradein the Twirler (level 3, -2/28 HPs)
             Began as a Demonspawn Gladiator on Sept 21, 2021.
             Slain by a goblin (5 damage)
             ... led by Robin
             ... on level 2 of the Dungeon.
             The game lasted 00:02:12 (1379 turns).

siradein the Twirler (Demonspawn Gladiator)         Turns: 1379, Time: 00:02:13

Health: -2/28      AC:  4    Str: 14    XL:     3   Next: 19%
Magic:  3/3        EV: 12    Int:  9    God:
Gold:   44         SH:  0    Dex: 15    Spells: 2/2 levels left

rFire   . . .      SeeInvis .   a - +0 quarterstaff
rCold   . . .      Faith    .   (shield currently unavailable)
rNeg    . . .      Spirit   .   b - +0 leather armour
rPois   .          Reflect  .   c - +0 helmet
rElec   .          Harm     .   (no cloak)
rCorr   .          Rampage  .   (no gloves)
Will    .....                   (no boots)
Stlth   +.........              (no amulet)
HPRegen 0.09/turn               (no ring)
MPRegen 0.08/turn               (no ring)

@: no status effects
A: talons 2
a: no special abilities


You were on level 2 of the Dungeon.
You visited 1 branch of the dungeon, and saw 2 of its levels.

You collected 44 gold pieces.

Inventory:

Hand Weapons
 a - a +0 quarterstaff (weapon)
Missiles
 d - 3 throwing nets
 h - 20 stones (quivered)
Armour
 b - a +0 leather armour (worn)
 c - a +0 helmet (worn)
Scrolls
 e - a scroll of enchant weapon {unknown}
 f - a scroll of fear {unknown}
 j - 2 scrolls of identify {unknown}
 k - a scroll of teleportation {unknown}
Potions
 g - 2 potions of magic {unknown}
 i - 2 potions of curing {unknown}


   Skills:
 + Level 2.4 Fighting
 + Level 3.1 Staves
 + Level 2.2 Throwing
 + Level 3.1 Dodging


You had 2 spell levels left.
You didn't know any spells.
Your spell library contained the following spells:

 Spells                   Type           Power      Damage    Failure   Level
 Magic Dart               Conj           0%         1d3       45%         1
 Searing Ray              Conj           0%         2d4       61%         2
 Fulminant Prism          Conj/Hex       0%         3d6       99%         4


Dungeon Overview and Level Annotations

Branches:
Dungeon (2/15)

Altars:

Shops:
D:1 =

Annotations:
D:2 Robin


Innate Abilities, Weirdness & Mutations

You have razor-sharp toenails.


Message History

The goblin hits you with a +0 club.
You hit the goblin.
The goblin is moderately wounded.
The goblin hits you with a +0 club. The goblin barely misses you.
You barely miss the goblin.
The goblin is moderately wounded.
The goblin closely misses you. The goblin hits you with a +0 club.
The endoplasm jiggles.
You are too injured to fight recklessly!
You are too injured to fight recklessly!
You are too injured to fight recklessly!
You are too injured to fight recklessly!
You are too injured to fight recklessly!
You are too injured to fight recklessly!
You barely miss the goblin. Your kick misses the goblin.
The goblin closely misses you. Robin throws the goblin at you!
You sock the goblin!
You kill the goblin!
The goblin hits you but does no damage. Robin throws the goblin at you!
The goblin barely misses you.
You closely miss the goblin.
The goblin is moderately wounded.
The goblin closely misses you. The goblin hits you with a +0 dagger.
The goblin hits you with a +0 club.
You hit the goblin.
You kill the goblin!
The goblin hits you with a +0 dagger.
* * * LOW HITPOINT WARNING * * *
The goblin hits you but does no damage. The goblin barely misses you.
The goblin hits you with a +0 dagger.
* * * LOW HITPOINT WARNING * * *
You closely miss the goblin. Your kick misses the goblin.
The hobgoblin hits you but does no damage.
The goblin hits you with a +0 dagger.
* * * LOW HITPOINT WARNING * * *
The goblin hits you but does no damage. The hobgoblin closely misses you.
You hit the goblin.
You kill the goblin!
The goblin hits you with a +0 dagger.
You die...

##..........#...
##.............## .
#..............## ..
#..............## ...
#..............## ....
#..............#. ....J
#................
....gJ####............#..
.....ggg@g#..........##..
......g##).###########...
....... ##....#####.....#
.....g.######....#..##.##
.......#...#####.......#
......##...##......#...#
.....# #......######...#
##### #...#### #####
#...#


You could see an endoplasm, 2 hobgoblins and 4 goblins.

Vanquished Creatures
  A worm (D:2)
  An endoplasm (D:1)
  A giant cockroach (D:1)
  4 goblins (D:2)
  2 hobgoblins (D:1)
  5 jackals (D:1)
  3 quokkas
  5 bats (D:1)
  2 frilled lizards
  4 kobolds
  2 rats (D:1)
30 creatures vanquished.

Notes
Turn   | Place    | Note
-------+----------+-------------------------------------------
     0 | D:1      | siradein the Demonspawn Gladiator began the quest for the
                  | Orb.
     0 | D:1      | Reached XP level 1. HP: 16/16 MP: 1/1
    76 | D:1      | Gained mutation: You have sharp toenails. [demonic
                  | ancestry]
    76 | D:1      | Reached XP level 2. HP: 12/22 MP: 2/2
   667 | D:1      | Found Gocopru's Jewellery Shoppe.
  1101 | D:2      | Gained mutation: You have razor-sharp toenails. [demonic
                  | ancestry]
  1101 | D:2      | Reached XP level 3. HP: 28/28 MP: 3/3
  1367 | D:2      | Noticed Robin
  1379 | D:2      | Slain by a goblin

Illustrated notes

Levels and vault maps discovered:
D:1:      dpeg_arrival_rooms_with_view, layout_basic, serial_shops, shop
D:2:      layout_rooms, chequers_jeans, minmay_lizard_pond, uniq_robin

Skill      XL: |  1  2 |
---------------+-------+-----
Throwing       | 2 |  2.2
Staves         | 3 |  3.1
Dodging        | 3 |  3.1
Fighting       | |  2.4

Action                   || total
-------------------------++-------
Melee: Quarterstaff      ||    83
       Kick              ||     7
 Stab: Sleeping          ||     1
Armor: Leather armour    ||    48
Dodge: Dodged            ||    88

Table legend: (Time is in decaauts)
 A = Elapsed time spent in this place.
 B = Non-inter-level travel time spent in this place.
 C = Inter-level travel time spent in this place.
 D = Time resting spent in this place.
 E = Time spent auto-exploring this place.
 F = Levels seen in this place.
 G = Mean time per level.
                   A        B        C        D        E       F      G
               +--------+--------+--------+--------+--------+-----+--------+
         Total |   1392 |   1367 |     25 |      0 |   1160 |   2 |  696.0 |
       Dungeon |   1392 |   1367 |     25 |      0 |   1160 |   2 |  696.0 |
               +--------+--------+--------+--------+--------+-----+--------+

Top non-repeatable levels by time:
     D:1: 983 daAuts
     D:2: 408 daAuts
